 Dungeon Crawl Stone Soup version 0.23.2-1-ga50397a6bc (webtiles) character file.

Game seed: 11295028006456944466

4672 Andrea the Martial Artist (level 10, -2/81 HPs)
             Began as an Octopode Transmuter on May 15, 2019.
             Was a Follower of Cheibriados.
             Slain by an orc warrior
             ... wielding a +0 long sword
              (18 damage)
             ... on level 9 of the Dungeon.
             The game lasted 00:21:55 (10023 turns).

Andrea the Martial Artist (Octopode Transmuter)    Turns: 10023, Time: 00:21:56

Health: -2/81      AC:  6    Str: 15    XL:     10   Next: 44%
Magic:  13/18      EV: 11    Int: 19    God:    Cheibriados [*.....]
Gold:   371        SH:  0    Dex: 19    Spells: 10/20 levels left

rFire    x . .     SeeInvis .     - Unarmed
rCold    + + +     Gourm    +   (shield currently unavailable)
rNeg     . . .     Faith    .   (helmet currently unavailable)
rPois    +         Spirit   .   v - amulet of the gourmand
rElec    .         Reflect  .   i - +3 ring of dexterity
rCorr    .         Harm     .   q - ring of wizardry
MR       .....                  (no ring)
Stlth    ++........             (no ring)
HPRegen  0.23/turn              (no ring)
MPRegen  0.16/turn              (no ring)
                                (no ring)
                                (no ring)

@: about to teleport, ice-form, very slow
A: large, almost no armour, stealthy swim, amphibious, 8 rings, (constrict 8)
a: End Transformation, Bend Time, Renounce Religion


You were on level 9 of the Dungeon.
You worshipped Cheibriados.
Cheibriados was aware of your devotion.
You were completely stuffed.
You were a creature of crystalline ice.
You visited 2 branches of the dungeon, and saw 10 of its levels.

You collected 371 gold pieces.

Inventory:

Hand Weapons
 o - a +0 blowgun
Missiles
 a - 174 arrows
 l - 9 poisoned needles
 z - a throwing net (quivered)
Armour
 u - a +2 hat (melded)
Magical Staves
 A - an uncursed staff of summoning
Jewellery
 i - a +3 ring of dexterity (left front paw)
 j - a cursed -2 ring of intelligence {unknown}
 q - a ring of wizardry (right front paw)
 v - an amulet of the gourmand (around neck)
Wands
 s - a wand of flame (10)
 C - a wand of disintegration (13)
Scrolls
 b - 2 scrolls of enchant weapon {unknown}
 e - 4 scrolls of teleportation
 f - a scroll of fear {unknown}
 g - 2 scrolls of remove curse {unknown}
 h - 7 scrolls of blinking {unknown}
 m - 2 scrolls of noise {unknown}
 w - 2 scrolls of enchant armour {unknown}
 y - a scroll of fog
 B - a scroll of summoning
 G - 2 scrolls of identify
Potions
 d - 3 potions of might
 k - 5 potions of curing
 n - a potion of magic
 p - a potion of brilliance {unknown}
 r - a potion of lignification {unknown}
 t - a potion of invisibility {unknown}
 x - 3 potions of mutation
 D - a potion of agility {unknown}
 F - a potion of flight {unknown}
Comestibles
 c - 10 rations
 E - 4 chunks of flesh


   Skills:
 + Level 5.8 Fighting
 - Level 2.0 Dodging
 * Level 9.0 Unarmed Combat
 + Level 5.6 Spellcasting
 * Level 8.7 Transmutations
 - Level 3.0 Ice Magic
 - Level 2.2 Poison Magic


You had 10 spell levels left.
You knew the following spells:

 Your Spells              Type           Power        Failure   Level  Hunger
a - Beastly Appendage     Tmut           #####.       1%          1    None
b - Sticks to Snakes      Tmut           #####...     1%          2    None
c - Spider Form           Tmut/Pois      ####......   1%          3    ##.....
d - Ice Form              Ice/Tmut       ####....     4%          4    ####...

Your spell library contained the following spells:

 Spells                   Type           Power        Failure   Level  Hunger
 Blade Hands              Tmut           #####.....   3%          5    #####..
 Magic Dart               Conj           #...         4%          1    None
 Blink                    Tloc           N/A          8%          2    None
 Call Imp                 Summ           #.......     8%          2    None
 Slow                     Hex            #.......     8%          2    None
 Mephitic Cloud           Conj/Pois/Air  #.......     11%         3    ##.....
 Conjure Flame            Conj/Fire      #.......     14%         3    ##.....


Dungeon Overview and Level Annotations

Branches:
Dungeon (9/15)             Temple (1/1) D:6
   Lair: D:8-11         Orc: D:9-12

Altars:
Ashenzari
Cheibriados
Elyvilon
Fedhas
Gozag
Hepliaklqana
Kikubaaqudgha
Makhleb
Nemelex Xobeh
Okawaru
Qazlal
Ru
Sif Muna
Trog
Uskayaw
Vehumet
Wu Jian
Xom
Yredelemnul
Zin
The Shining One


Innate Abilities, Weirdness & Mutations

You cannot wear most types of armour.
You are very stealthy in the water. (Stealth+)
You are amphibious.
You can wear up to eight rings at the same time.
((You can use your tentacles to constrict eight enemies at once.))
((Your skin changes colour to match your surroundings (Stealth+).))
((Your rubbery body absorbs attacks. (AC +1, EV +1)))


Message History

The orc warrior hits you with a +0 long sword!
The orc warrior hits you with a +2 battleaxe of venom!!
You hit the orc warrior. You freeze the orc warrior.
The orc warrior is moderately wounded.
The orc warrior closely misses you.
You punch the orc warrior! You freeze the orc warrior.
The orc warrior is severely wounded.
The orc warrior hits you with a +2 battleaxe of venom!!
An orc comes into view. It is wielding a -3 club.
You hit the orc warrior. You freeze the orc warrior.
The orc warrior is severely wounded.
The orc warrior hits you with a +0 long sword!
* * * LOW HITPOINT WARNING * * *
Okay, then.
Okay, then.
Okay, then.
As you read the scroll of teleportation, it crumbles to dust.
You feel strangely unstable. The orc warrior barely misses you.
The orc warrior hits you with a +0 long sword!!
You die...

#...#
#############...#########
...$..?..................
.........................
..........###############
..........# ..........#
.......o.)###############
.....o)oY.......[........
.........................
###.o#########..#########
## #..# #..# #..# #
####..######### .
#.............. #
#...[..........


You could see 2 orc warriors, an orc priest and an orc.

Vanquished Creatures
  Pikel (D:9)
  Joseph (D:7)
  Menkaure (D:7)
  A slave (D:9)
  3 ice beasts
  A necrophage (D:6)
  An orc warrior (D:3)
  A sky beast (D:6)
  2 phantoms
  6 ogres
  6 centaurs
  A big kobold (D:5)
  5 bullfrogs
  2 scorpions
  A water moccasin zombie (D:8)
  7 wights
  2 howler monkeys (D:6)
  4 crimson imps
  2 hounds
  A centaur zombie (D:6)
  2 jellies
  4 orc priests
  A bullfrog zombie (D:5)
  A gnoll shaman (D:8)
  6 orc wizards
  3 centaur skeletons
  An iguana (D:6)
  7 worker ants
  2 hound zombies
  A hound skeleton (D:7)
  13 adders
  4 gnolls (D:8)
  2 shadow imps (D:9)
  2 adder zombies (D:6)
  2 worms
  2 dart slugs (D:1)
  4 leopard geckos
  31 orcs
  2 ball pythons (D:1)
  3 giant cockroaches
  7 goblins
  11 hobgoblins
  8 jackals
  5 quokkas
  A ball python zombie (D:5)
  4 bats
  9 frilled lizards
  8 kobolds
  A leopard gecko zombie (D:5)
  5 rats
201 creatures vanquished.

Vanquished Creatures (others)
  2 slaves (D:9)
  2 adders (D:9)
  A dart slug (D:3)
5 creatures vanquished.

Grand Total: 206 creatures vanquished

Notes
Turn   | Place    | Note
-------+----------+-------------------------------------------
     0 | D:1      | Andrea the Octopode Transmuter began the quest for the Orb.
     0 | D:1      | Reached XP level 1. HP: 13/13 MP: 3/3
   124 | D:1      | Reached XP level 2. HP: 18/18 MP: 3/5
   131 | D:1      | Learned a level 2 spell: Sticks to Snakes
   447 | D:1      | Reached XP level 3. HP: 21/23 MP: 4/6
   624 | D:1      | Learned a level 3 spell: Spider Form
  1431 | D:2      | Found a stormy altar of Qazlal.
  1452 | D:2      | Reached XP level 4. HP: 10/28 MP: 7/7
  1788 | D:2      | Reached skill level 1 in Poison Magic
  1952 | D:2      | Noticed a water elemental
  1953 | D:2      | Noticed an earth elemental
  1953 | D:2      | Noticed an air elemental
  1953 | D:2      | Noticed a fire elemental
  2550 | D:3      | Noticed an orc warrior
  2592 | D:3      | Killed an orc warrior
  2592 | D:3      | Reached skill level 4 in Unarmed Combat
  2592 | D:3      | Reached XP level 5. HP: 13/34 MP: 5/8
  2816 | D:3      | Reached XP level 6. HP: 28/40 MP: 6/10
  3321 | D:3      | Found a white marble altar of Elyvilon.
  3444 | D:3      | Learned a level 4 spell: Ice Form
  4079 | D:4      | Reached XP level 7. HP: 33/45 MP: 7/11
  4106 | D:4      | Reached skill level 5 in Unarmed Combat
  4819 | D:4      | Reached skill level 5 in Transmutations
  5334 | D:5      | Entered Level 5 of the Dungeon
  5437 | D:5      | Reached XP level 8. HP: 35/52 MP: 10/13
  5562 | D:5      | Reached skill level 1 in Ice Magic
  5653 | D:5      | Reached skill level 6 in Unarmed Combat
  6523 | D:5      | Reached XP level 9. HP: 58/58 MP: 15/15
  7056 | D:6      | Reached skill level 7 in Unarmed Combat
  7113 | D:6      | Found a staircase to the Ecumenical Temple.
  7129 | Temple   | Entered the Ecumenical Temple
  7363 | Temple   | Became a worshipper of Cheibriados the Contemplative
  7446 | D:6      | Found a glowing silver altar of Zin.
  7548 | D:6      | Found a bloodstained altar of Trog.
  7550 | D:6      | Found a sparkling altar of Nemelex Xobeh.
  7811 | D:7      | Found an opulent altar of Gozag.
  7831 | D:7      | Noticed Menkaure
  7843 | D:7      | Killed Menkaure
  8128 | D:7      | Noticed Joseph
  8141 | D:7      | Killed Joseph
  8141 | D:7      | Reached skill level 5 in Fighting
  8143 | D:7      | Reached skill level 8 in Unarmed Combat
  8214 | D:7      | Found a blossoming altar of Fedhas.
  8219 | D:7      | Reached skill level 5 in Spellcasting
  8955 | D:8      | Found a sacrificial altar of Ru.
  9054 | D:8      | Reached XP level 10. HP: 58/66 MP: 12/17
  9300 | D:8      | Reached * piety under Cheibriados
  9614 | D:9      | Noticed Pikel
  9623 | D:9      | Killed Pikel
  9779 | D:9      | Reached skill level 9 in Unarmed Combat
 10023 | D:9      | Slain by an orc warrior

Skill      XL: |  1  2  3  4  5  6  7  8  9 10 |
---------------+-------------------------------+-----
Poison Magic   | 2 |  2.2
Transmutations | 3 4 5 6 7 8 |  8.7
Fighting       | 2 3 4 5 |  5.8
Unarmed Combat | 4 5 6 8 9 |  9.0
Spellcasting   | 3 4 5 |  5.6
Ice Magic      | 3 |  3.0
Dodging        | |  2.0

Action                   |  1- 3 |  4- 6 |  7- 9 | 10-12 || total
-------------------------+-------+-------+-------+-------++-------
Melee: Unarmed           |    89 |   120 |   322 |    72 ||   603
       Constrict         |    25 |    19 |    23 |     2 ||    69
       Kick              |    12 |    11 |    31 |     1 ||    55
       Tentacles         |     9 |     8 |    15 |     3 ||    35
       Punch             |     1 |     2 |     4 |     1 ||     8
 Cast: Beastly Appendage |    23 |    17 |    19 |     1 ||    60
       Spider Form       |       |     6 |    24 |     3 ||    33
       Ice Form          |       |       |     6 |     7 ||    13
  Use: Scroll            |       |       |    10 |     1 ||    11
 Stab: Sleeping          |     9 |     1 |     6 |     1 ||    17
  Eat: Chunk             |     2 |     6 |    32 |     4 ||    44
       Ration            |       |     1 |       |       ||     1
Armor: Skin              |     4 |    10 |    24 |     9 ||    47
Dodge: Dodged            |    46 |    88 |   210 |    33 ||   377
